 Dungeon Crawl Stone Soup version 0.29-a0-700-g2f1814c7b2 (webtiles) character file.

Game seed: 16115339862317595325

4292 Shayle the Jinx (level 10, -3/65 (76) HPs)
             Began as a Vampire Enchanter on June 26, 2022.
             Was an Initiate of Ashenzari.
             Slain by an orc knight
             ... wielding a +0 war axe
              (12 damage)
             ... in a bailey.
             The game lasted 00:23:42 (6322 turns).

Shayle the Jinx (Vampire Enchanter)                 Turns: 6322, Time: 00:23:43

HP:   -3/65 (76)    AC: 16    Str:  7    XL:     10   Next: 11%
MP:   19/19         EV: 16    Int: 21    God:    Ashenzari [......]
Gold: 212           SH:  0    Dex: 16    Spells: 9/21 levels left

rFire   . . .      SeeInvis +   k - +1 short sword (venom)
rCold   + . .      Faith    .   (no shield)
rNeg    . . .      Spirit   .   C - +0 steam dragon scales
rPois   .          Reflect  .   d - +2 hat
rElec   .          Harm     .   r - +2 cloak
rCorr   .          Rampage  .   y - +0 pair of gloves
Will    +....                   j - +0 pair of boots
Stlth   +++.......              n - amulet of regeneration
HPRegen 1.20/turn               x - +4 ring of protection
MPRegen 0.16/turn               h - ring of protection from cold

@: healing quickly, heavily drained
A: alive, fangs 3, see invisible, vampiric 2
a: Exsanguinate, Renounce Religion, Curse Item


You were in a bailey.
You worshipped Ashenzari.
Ashenzari was noncommittal.
You visited 1 branch of the dungeon, and saw 7 of its levels.
You also visited: Ossuary and Bailey.

You collected 329 gold pieces.
You spent 117 gold pieces at shops.

Inventory:

Hand Weapons
 a - a +1 vorpal dagger
 f - a +1 spectral quarterstaff
 k - a +1 short sword of venom (weapon)
 A - a +4 war axe
 B - a +1 whip of electrocution
Missiles
 g - 25 boomerangs (quivered)
 J - 2 javelins
Armour
 b - a +0 robe
 d - a +2 hat (worn)
 j - a +0 pair of boots (worn)
 r - a +2 cloak (worn)
 y - a +0 pair of gloves (worn)
 C - +0 steam dragon scales (worn)
 P - a +2 robe of cold resistance
Jewellery
 h - a ring of protection from cold (right hand)
 n - an amulet of regeneration (around neck)
 x - a +4 ring of protection (left hand)
 E - an amulet of guardian spirit
 I - a +4 ring of evasion
 K - a ring of poison resistance
Wands
 t - a wand of charming (6)
 w - a wand of digging (4)
Scrolls
 e - 2 scrolls of enchant weapon {unknown}
 q - 3 scrolls of vulnerability
 D - a scroll of silence {unknown}
 G - a scroll of immolation {unknown}
 H - 4 scrolls of teleportation {unknown}
 L - a scroll of blinking
 N - a scroll of magic mapping
 O - a scroll of identify
Potions
 c - 3 potions of invisibility
 i - 3 potions of lignification
 l - 3 potions of attraction
 m - 6 potions of flight
 o - 2 potions of curing
 p - 2 potions of might
 s - 2 potions of berserk rage
 u - 2 potions of mutation
 v - a potion of degeneration
 z - a potion of heal wounds
 F - a potion of resistance
 M - a potion of haste {unknown}


   Skills:
 + Level 5.6 Fighting
 - Level 1.1 Short Blades
 + Level 7.3 Dodging
 - Level 4.4 Stealth
 + Level 6.1 Spellcasting
 + Level 10.2 Hexes
 + Level 6.0 Ice Magic
 + Level 3.6 Air Magic


You had 9 spell levels left.
You knew the following spells:

 Your Spells              Type           Power      Damage    Failure   Level
a - Ensorcelled Hibernat  Hex/Ice        80%        N/A       1%          2
b - Confusing Touch       Hex            49%        N/A       1%          3
c - Dazzling Flash        Conj/Hex       54%        N/A       3%          3
d - Airstrike             Air            10%        N/A       22%         4

Your spell library contained the following spells:

 Spells                   Type           Power      Damage    Failure   Level
 Tukima's Dance           Hex            49%        N/A       1%          3
 Shock                    Conj/Air       56%        1d6       4%          1
 Swiftness                Air            21%        N/A       7%          3
 Alistair's Intoxication  Tmut/Pois      4%         N/A       95%         5
 Borgnjor's Vile Clutch   Necr/Erth      3%         N/A       95%         5
 Eringya's Noxious Bog    Tmut/Pois      3%         N/A       100%        6


Dungeon Overview and Level Annotations

Branches:
Dungeon (7/15)            Ossuary (visited)          Bailey (1/1)
 Temple: D:4-7

Altars:
Ashenzari
Hepliaklqana
Nemelex Xobeh
Ru
Trog
Wu Jian
The Shining One

Shops:
D:1 (   D:4 !


Innate Abilities, Weirdness & Mutations

Your natural rate of healing is accelerated.
You have razor-sharp teeth.
You have supernaturally acute eyesight. (SInv)
You are afflicted with vampirism and can become a bat while bloodless.


Message History

HP restored.
You start resting.
An orc knight comes into view. It is wielding a +0 war axe.
You enter the shallow water.
Moving in this stuff is going to be slow.
m - 6 potions of flight (gained 2)
Things that are here:
a +0 war axe; a +0 ring mail; an orc corpse
Things that are here:
a +0 war axe; a +0 chain mail
Items here: )) [ †.
Things that are here:
a +0 war axe; a +0 plate armour; an orc corpse
There is an open door here.
The orc knight closely misses you.
You hit the orc knight but do no damage.
The orc knight hits you with a +0 war axe.
You hit the orc knight.
The orc knight is poisoned.
Your bite misses the orc knight.
The orc knight is lightly wounded.
The orc knight hits you with a +0 war axe!
You hit the orc knight.
The orc knight is lightly wounded.
The orc knight closely misses you.
You hit the orc knight but do no damage.
The orc knight is lightly wounded.
The orc knight hits you with a +0 war axe.
You barely miss the orc knight.
The orc knight is lightly wounded.
The orc knight barely misses you.
You hit the orc knight.
The orc knight looks as sick as possible!
The orc knight is lightly wounded.
The orc knight hits you with a +0 war axe!! x2
* * * LOW HITPOINT WARNING * * *
You hit the orc knight.
The orc knight looks as sick as possible!
The orc knight is moderately wounded.
The orc knight hits you with a +0 war axe!
You die...

########### ##...#......
#......##..#
#############)##########
####......).÷..)÷....).....
##.......)...#########......
##.........#'## ######.
#.....⌠....#@.# #..# #.
#.....))###o.# #..# #.
###.....# '..#### ###..+ #.
####......###...o .. ^g..###.
≈≈≈≈≈≈≈..)..#..####o####..#..≈
#≈≈≈≈≈≈≈≈≈≈.####..gg...####≈≈≈
##....≈≈≈≈≈≈≈∩#g..!.o.#∩≈≈≈≈≈
##.....)≈≈≈≈≈#########≈≈≈≈##
##....[..≈≈≈≈≈≈≈≈≈≈≈≈≈≈###


You could see an orc knight (extremely poisoned).

Vanquished Creatures
  Pikel (D:5)
  An orc knight (Bailey)
  Sigmund (D:5)
  A wraith (Ossuary)
  3 yaks (D:6)
  A wyvern (D:6)
  3 steam dragons (D:6)
  A black bear (D:5)
  6 orc warriors (Bailey)
  An ogre (D:5)
  A centaur (D:6)
  3 phantoms
  A lemure (D:5)
  2 bullfrogs
  5 scorpions
  A necrophage (D:5)
  A hound (D:5)
  Crazy Yiuf (D:3)
  A gnoll shaman (D:5)
  3 jellies
  3 iguanas
  2 orc wizards (D:3)
  4 mummies
  8 gnolls
  7 adders
  A white imp (D:7)
  5 worms
  4 dart slugs
  7 orcs
  9 bats
  6 endoplasms
  2 giant cockroaches
  14 goblins
  7 hobgoblins
  2 jackals (D:1)
  3 quokkas
  7 ball pythons
  4 frilled lizards
  3 goblin zombies (Ossuary)
  19 kobolds
  6 kobold zombies (Ossuary)
  An orc zombie (Ossuary)
  6 rats
168 creatures vanquished.

Vanquished Creatures (collateral kills)
  A kobold (D:4)
1 creature vanquished.

Vanquished Creatures (others)
  An iguana (D:4)
1 creature vanquished.

Grand Total: 170 creatures vanquished

Notes
Turn   | Place    | Note
-------+----------+-------------------------------------------
     0 | D:1      | Shayle the Vampire Enchanter began the quest for the Orb.
     0 | D:1      | Reached XP level 1. HP: 13/13 MP: 3/3
   131 | D:1      | Found Qeafen's Weapon Shop.
   198 | D:1      | Reached XP level 2. HP: 20/20 MP: 5/5
   732 | D:2      | Reached skill level 1 in Fighting
   732 | D:2      | Gained mutation: You are afflicted with vampirism and can
                  | become a bat while bloodless. [Vampire growth]
   732 | D:2      | Reached XP level 3. HP: 11/26 MP: 6/6
   816 | D:2      | Reached skill level 5 in Hexes
   907 | D:2      | Learned a level 2 spell: Ensorcelled Hibernation
   911 | D:2      | Learned a level 3 spell: Confusing Touch
  1288 | D:2      | Reached XP level 4. HP: 17/32 MP: 7/7
  1518 | D:3      | Found a runed translucent door.
  1519 | D:3      | Noticed Crazy Yiuf
  1679 | D:3      | Found a hazy altar of Hepliaklqana.
  1949 | D:3      | Reached skill level 1 in Ice Magic
  2028 | D:3      | Reached XP level 5. HP: 28/38 MP: 7/9
  2077 | D:3      | Found an ornate altar of the Wu Jian Council.
  2137 | D:3      | Found a sacrificial altar of Ru.
  2452 | D:3      | Killed Crazy Yiuf
  2500 | D:4      | Found Ummat's Distillery.
  2529 | D:4      | Bought a potion of mutation for 104 gold pieces
  2529 | D:4      | Bought a potion of degeneration for 13 gold pieces
  2636 | D:4      | Noticed a phantom
  2651 | D:4      | Killed a phantom
  2652 | D:4      | Reached skill level 6 in Hexes
  2652 | D:4      | Reached XP level 6. HP: 40/44 MP: 10/10
  2661 | D:4      | Found a sparkling altar of Nemelex Xobeh.
  3243 | D:5      | Entered Level 5 of the Dungeon
  3265 | D:5      | Noticed Sigmund
  3335 | D:5      | Found a broken altar of Ashenzari.
  3393 | D:5      | Became a worshipper of Ashenzari the Shackled
  3539 | D:5      | Reached XP level 7. HP: 50/51 MP: 12/12
  3560 | D:5      | Killed Sigmund
  3653 | D:5      | Reached skill level 7 in Hexes
  3725 | D:5      | Noticed Pikel
  3785 | D:5      | Killed Pikel
  3786 | D:5      | Reached skill level 5 in Dodging
  3786 | D:5      | Reached XP level 8. HP: 34/60 MP: 14/14
  3891 | D:5      | Reached skill level 8 in Hexes
  4563 | D:5      | Learned a level 3 spell: Dazzling Flash
  4568 | D:5      | Learned a level 4 spell: Airstrike
  4672 | D:6      | Reached skill level 5 in Spellcasting
  4709 | D:6      | Reached skill level 1 in Air Magic
  4718 | D:6      | Reached XP level 9. HP: 66/66 MP: 16/16
  4738 | D:6      | Found a sand-covered staircase.
  4744 | D:6      | Reached skill level 9 in Hexes
  4747 | Ossuary  | Entered an ossuary
  5009 | Ossuary  | Reached skill level 5 in Ice Magic
  5402 | D:6      | Reached skill level 5 in Fighting
  5768 | D:6      | Noticed a moth of wrath
  5771 | D:6      | Found a bloodstained altar of Trog.
  5917 | D:7      | Found a flagged portal.
  5929 | Bailey   | Entered a bailey
  5937 | Bailey   | Noticed an orc knight
  6152 | Bailey   | Reached skill level 10 in Hexes
  6212 | Bailey   | Noticed an orc knight
  6243 | Bailey   | Killed an orc knight
  6244 | Bailey   | Reached XP level 10. HP: 31/69 MP: 13/19
  6299 | Bailey   | Noticed an orc knight
  6322 | Bailey   | Slain by an orc knight

Illustrated notes

Levels and vault maps discovered:
D:1:      amcnicky_arrival_choice, layout_loops_ring, serial_shops,
          nicolae_shop_behind_doors
D:2:      layout_rooms, serial_curves, eino_curves_01, eino_curves_03,
          eino_curves_02, eino_curves_03, kennysheep_generic_room_13
D:3:      layout_loops_corners, nicolae_hepliaklqana_hippocampus,
          mainiacjoe_overflow_24_doors, nzn_wu_jian_council_hall,
          tso_oasis_becter, uniq_crazy_yiuf_cottage
D:4:      layout_cave_pools, mainiacjoe_overflow_boulevard, serial_shops, shop
D:5:      layout_basic, evilmike_ruin_ashenzari, grunt_ministairs_12,
          dreamdust_wishing_well, uniq_pikel, uniq_sigmund
D:6:      cheibrodos_steamvent, layout_rooms, tgw_trog,
          gup_ossuary_entry_pyramid, minmay_fountain_box, minmay_misc_feat_doors
D:7:      layout_rooms, minmay_temple_entry_overgrown,
          gammafunk_ghost_wrathful_warriors, enter_bailey_3
Bailey:   bailey_axe_4, bailey

Skill      XL: |  1  2  3  4  5  6  7  8  9 |
---------------+----------------------------+-----
Fighting       | 1 2 4 5 |  5.6
Hexes          | 5 6 7 8 10 | 10.2
Dodging        | 3 4 5 6 7 |  7.3
Ice Magic      | 1 2 4 6 |  6.0
Spellcasting   | 3 4 5 6 |  6.1
Air Magic      | 1 3 |  3.6
Short Blades   | |  1.1
Stealth        | |  4.4

Action                   |  1- 3 |  4- 6 |  7- 9 | 10-12 || total
-------------------------+-------+-------+-------+-------++-------
Melee: Dagger            |    71 |       |       |       ||    71
       Bite              |     8 |    16 |    43 |     4 ||    71
       Punch             |     2 |     2 |     5 |       ||     9
       Short sword       |    37 |   166 |   156 |    18 ||   377
       Quarterstaff      |       |       |   144 |     2 ||   146
 Cast: Ensorcelled Hiber |       |     2 |       |     3 ||     5
       Dazzling Flash    |       |       |     2 |       ||     2
Evoke: Wand              |       |     1 |     5 |       ||     6
  Use: Scroll            |       |     8 |     5 |       ||    13
       Potion            |       |       |     4 |     1 ||     5
 Stab: Sleeping          |    13 |     5 |    12 |       ||    30
       Distracted        |       |       |     2 |       ||     2
Armor: Robe              |    24 |    48 |    63 |       ||   135
       Steam dragon scal |       |       |    34 |     3 ||    37
Dodge: Dodged            |    62 |   104 |   194 |     9 ||   369

Table legend: (Time is in decaauts)
 A = Elapsed time spent in this place.
 B = Non-inter-level travel time spent in this place.
 C = Inter-level travel time spent in this place.
 D = Time resting spent in this place.
 E = Time spent auto-exploring this place.
 F = Levels seen in this place.
 G = Mean time per level.
                   A        B        C        D        E       F      G
               +--------+--------+--------+--------+--------+-----+--------+
         Total |   6385 |   6241 |    144 |    711 |   2834 |   9 |  709.4 |
       Dungeon |   5377 |   5233 |    144 |    496 |   2745 |   7 |  768.1 |
       Ossuary |    598 |    598 |      0 |    100 |     75 |   1 |  598.0 |
        Bailey |    409 |    409 |      0 |    115 |     14 |   1 |  409.0 |
               +--------+--------+--------+--------+--------+-----+--------+

Top non-repeatable levels by time:
     D:5: 1333 daAuts
     D:3: 1146 daAuts
     D:2: 796 daAuts
     D:1: 683 daAuts
     D:4: 678 daAuts
     D:6: 662 daAuts
 Ossuary: 598 daAuts
  Bailey: 409 daAuts
     D:7: 76 daAuts
